Avalanche vs Red Wings
Created - April 20, 2021 at 19:04
Goals
|
| Avalanche |
0 |
4 |
0 |
4 |
| Red Wings |
2 |
0 |
0 |
2 |
|
Shots
|
| Avalanche |
8 |
17 |
8 |
33 |
| Red Wings |
10 |
5 |
6 |
21 |
|
1st period
1. Red Wings , Frans Nielsen 19 (Kellan Lain 24, Jiri Fischer 18) at 4:34 (PP)
2. Red Wings , Frans Nielsen 20 (Connor Brown 38, Kellan Lain 25) at 6:39
Penalties :
Erik Karlsson (Col) for Tripping (Minor) at 0:37, Mattias Ekholm (Col) for Cross-checking (Minor) at 4:04, Andrew Ladd (Col) for Holding Stick (Minor) at 12:12, Colten Teubert (Col) for Hooking (Minor) at 16:59
2nd period
3. Avalanche , Luke Witkowski 11 (Kyle Turris 17, Andrew Ladd 17) at 2:25
4. Avalanche , Paul Stastny 20 (Marc Staal 32) at 9:56
5. Avalanche , James Van Riemsdyk 15 (Paul Stastny 33) at 14:55
6. Avalanche , Patric Hornqvist 35 (Mikkel Boedker 77, Colten Teubert 19) at 18:22
Penalties :
Ole-Kristian Tollefsen (Det) for Diving (Minor) at 3:07, Andrew Ladd (Col) for Hooking (Minor) at 18:51
3rd period
No Goal
Penalties :
Jakub Kindl (Det) for Roughing (Minor) at 8:43, Kris Versteeg (Det) for High sticking (Minor) at 12:27, Kris Versteeg (Det) for Interference (Minor) at 17:33
Goalie Stats
Cam Ward (Col), 19 saves from 21 shots - (0.905), W, 21-11-1, 60:00 minutes
Robin Lehner (Det), 29 saves from 33 shots - (0.879), L, 26-29-7, 60:00 minutes
Players Stats for Avalanche
Player Name G A P +/- PIM S H SB GA TA FO MP PP MP PK MP
------------------------------------------------------------------------------------
Andrew Ladd 0 1 1 0 4 1 1 0 0 0 0/1 13:21 0:05 1:52
Bryan Little 0 0 0 0 0 4 1 0 0 0 10/18 17:55 4:05 0:12
Charlie Coyle 0 0 0 0 0 2 0 0 0 0 7/12 15:55 0:05 4:42
Colten Teubert 0 1 1 0 2 0 0 2 0 0 0/0 21:26 3:34 3:04
Danny Richmond 0 0 0 1 0 0 0 0 0 0 0/0 12:51 0:00 1:40
Erik Karlsson 0 0 0 0 2 0 1 1 0 1 0/0 19:58 4:22 0:30
Evgeny Dadonov 0 0 0 2 0 1 0 0 1 0 0/0 15:43 3:46 0:00
Jack Johnson 0 0 0 2 0 1 2 1 3 0 0/0 25:32 3:34 4:12
James Van Riemsdyk 1 0 1 2 0 3 3 0 0 0 0/1 16:16 3:46 0:33
Kyle Turris 0 1 1 1 0 5 1 0 0 1 1/1 9:37 0:00 3:00
Luke Witkowski 1 0 1 1 0 3 0 0 1 0 0/1 10:32 0:00 4:42
Marc Staal 0 1 1 2 0 1 2 0 0 0 0/0 25:50 4:22 4:11
Mattias Ekholm 0 0 0 1 2 0 0 0 0 3 0/0 15:32 0:00 3:15
Mikkel Boedker 0 1 1 0 0 4 3 0 1 0 0/0 17:43 4:05 0:00
Patric Hornqvist 1 0 1 0 0 3 1 0 1 1 1/2 17:39 4:05 0:00
Paul Stastny 1 1 2 2 0 3 0 0 0 0 7/15 15:43 3:46 0:00
Peter Prucha 0 0 0 0 0 2 2 0 1 0 1/1 14:08 0:05 1:51
Tomas Tatar 0 0 0 1 0 0 0 0 0 0 0/0 5:48 0:00 0:00
Players Stats for Red Wings
Player Name G A P +/- PIM S H SB GA TA FO MP PP MP PK MP
------------------------------------------------------------------------------------
Alex Picard 0 0 0 -1 0 4 0 0 0 1 0/0 11:09 0:01 1:35
Carson Mcmillan 0 0 0 -1 0 3 1 0 0 0 0/0 13:23 0:00 4:13
Connor Brown 0 1 1 -1 0 2 1 0 0 1 1/1 17:24 4:37 0:00
Darroll Powe 0 0 0 -1 0 0 0 1 0 0 3/5 11:09 0:00 4:13
David Krejci 0 0 0 -1 0 1 2 0 0 2 2/2 10:51 0:00 1:35
Frans Nielsen 2 0 2 -1 0 6 0 1 1 1 2/11 18:31 3:48 2:08
Jakub Kindl 0 0 0 -2 2 1 1 2 0 0 0/0 11:43 0:00 1:07
Jiri Fischer 0 1 1 1 0 0 0 2 0 1 0/0 22:36 3:47 3:58
Kellan Lain 0 2 2 -1 0 0 1 3 0 0 0/0 16:39 3:48 0:00
Kris Versteeg 0 0 0 0 4 0 0 1 2 0 0/1 19:09 4:37 0:00
Lasse Kukkonen 0 0 0 -2 0 1 0 1 0 0 0/0 11:23 0:00 0:08
Marko Dano 0 0 0 0 0 1 0 2 0 0 1/4 18:10 3:48 0:00
Michael Haley 0 0 0 -1 0 0 0 0 0 0 0/0 8:24 0:00 2:08
Mike Richards 0 0 0 0 0 0 0 0 2 1 16/28 19:05 4:30 0:00
Ole-Kristian Tollefsen 0 0 0 -2 2 1 1 2 0 0 0/0 26:12 4:39 2:51
Petr Pohl 0 0 0 -1 0 0 1 0 0 0 0/0 7:35 0:09 0:00
Philip Samuelsson 0 0 0 -2 0 0 3 3 1 1 0/0 26:56 4:39 3:58
Ryan O'Byrne 0 0 0 1 0 1 1 2 0 0 0/0 21:41 3:47 3:50
3 Stars
1 - Paul Stastny (Col)
2 - James Van Riemsdyk (Col)
3 - Frans Nielsen (Det)
Power Play
Avalanche - 0 on 4 Attempt(s) - 0.00%
Red Wings - 1 on 5 Attempt(s) - 20.00%
Penalty Kill
Avalanche - 4 on 5 Attempt(s) - 80.00%
- Score 0 goal in Penalty Kill
Red Wings - 4 on 4 Attempt(s) - 100.00%
- Score 0 goal in Penalty Kill
Team Stat
Avalanche - Hits : 17 - Faceoff Wins : 27 - Blocked Shots : 4 - Penalty Minutes : 10
Red Wings - Hits : 12 - Faceoff Wins : 25 - Blocked Shots : 20 - Penalty Minutes : 8
Official
Referees : Unknown
Linesman : Unknown
Game Notes
No Game Note
Finance
Level 1 -- Attendance: 5743 (95.72%) -- Ticket Income $614,501
Level 2 -- Attendance: 4261 (85.22%) -- Ticket Income $302,531
Level 3 -- Attendance: 1458 (72.90%) -- Ticket Income $69,984
Level 4 -- Attendance: 3209 (80.23%) -- Ticket Income $105,897
Luxury Box -- Attendance: 1000 (100.00%) -- Ticket Income $190,000
Game was played at the Joe Louis Arena.
Total Attendance: 15671 (87.06%)
Total Ticket Income: $1,282,913
Other Income: $192,437
Total Income: $1,475,350
Avalanche
5 vs 5 Forward
Center Left Wing Right Wing Time % Phy DF OF
1 Bryan Little Mikkel Boedker Patric Hornqvist 35 1 2 2
2 Paul Stastny James Van Riemsdyk Evgeny Dadonov 30 1 2 2
3 Charlie Coyle Andrew Ladd Peter Prucha 25 1 2 2
4 Kyle Turris Tomas Tatar Luke Witkowski 10 1 2 2
5 vs 5 Defense
Defense Defense Time % Phy DF OF
1 Jack Johnson Marc Staal 40 1 2 2
2 Erik Karlsson Colten Teubert 35 1 2 2
3 Mattias Ekholm Danny Richmond 25 1 2 2
4 Jack Johnson Marc Staal 0 1 2 2
PowerPlay Forward
Center Left Wing Right Wing Time % Phy DF OF
1 Bryan Little Mikkel Boedker Patric Hornqvist 60 1 2 2
2 Paul Stastny James Van Riemsdyk Evgeny Dadonov 40 1 2 2
PowerPlay Defense
Defense Defense Time % Phy DF OF
1 Erik Karlsson Marc Staal 60 1 2 2
2 Jack Johnson Colten Teubert 40 1 2 2
Penalty Kill 4 Players Forward
Center Wing Time % Phy DF OF
1 Charlie Coyle Luke Witkowski 60 1 2 2
2 Kyle Turris Andrew Ladd 40 1 2 2
Penalty Kill 4 Players Defense
Defense Defense Time % Phy DF OF
1 Jack Johnson Marc Staal 60 1 2 2
2 Mattias Ekholm Colten Teubert 40 1 2 2
Penalty Kill - 3 Players Forward
Forward Time % Phy DF OF
1 Mikkel Boedker 60 1 2 2
2 Patric Hornqvist 40 1 2 2
Penalty Kill - 3 Players Defense
Defense Defense Time % Phy DF OF
1 Jack Johnson Marc Staal 60 1 2 2
2 Erik Karlsson Colten Teubert 40 1 2 2
4 vs 4 Forward
Center Wing Time % Phy DF OF
1 Mikkel Boedker Patric Hornqvist 60 1 2 2
2 Bryan Little Paul Stastny 40 1 2 2
4 vs 4 Defense
Defense Defense Time % Phy DF OF
1 Jack Johnson Marc Staal 60 1 2 2
2 Erik Karlsson Colten Teubert 40 1 2 2
Last Minutes Offensive
Center Left Wing Right Wing Defense Defense
Bryan Little Mikkel Boedker Patric Hornqvist Jack Johnson Erik Karlsson
Last Minutes Defensive
Center Left Wing Right Wing Defense Defense
Bryan Little Mikkel Boedker Patric Hornqvist Jack Johnson Marc Staal
Goaltenders
Starting : Cam Ward
Backup : Semyon Varlamov
Extra Forwards
Normal : Charlie Coyle, Andrew Ladd, Peter Prucha - PP : Charlie Coyle, Andrew Ladd - PK : Peter Prucha
Extra Defensemen
Normal : Mattias Ekholm, Danny Richmond, Erik Karlsson - PP : Mattias Ekholm - PK : Danny Richmond, Erik Karlsson
Penalty Shots
Mikkel Boedker, Patric Hornqvist, Bryan Little, Paul Stastny, Evgeny Dadonov
Scratches
None
Red Wings
5 vs 5 Forward
Center Left Wing Right Wing Time % Phy DF OF
1 Mike Richards Marko Dano Kris Versteeg 40 1 2 2
2 Frans Nielsen Kellan Lain Connor Brown 30 0 2 3
3 David Krejci Alex Picard Carson Mcmillan 20 1 2 2
4 Darroll Powe Michael Haley Petr Pohl 10 1 2 2
5 vs 5 Defense
Defense Defense Time % Phy DF OF
1 Philip Samuelsson Ole-Kristian Tollefsen 40 1 2 2
2 Ryan O'Byrne Jiri Fischer 30 1 2 2
3 Lasse Kukkonen Jakub Kindl 20 1 2 2
4 Philip Samuelsson Ole-Kristian Tollefsen 10 1 2 2
PowerPlay Forward
Center Left Wing Right Wing Time % Phy DF OF
1 Mike Richards Kris Versteeg Connor Brown 60 1 2 2
2 Frans Nielsen Marko Dano Kellan Lain 40 1 2 2
PowerPlay Defense
Defense Defense Time % Phy DF OF
1 Philip Samuelsson Ole-Kristian Tollefsen 60 1 2 2
2 Ryan O'Byrne Jiri Fischer 40 1 2 2
Penalty Kill 4 Players Forward
Center Wing Time % Phy DF OF
1 Darroll Powe Carson Mcmillan 60 1 2 2
2 Frans Nielsen Michael Haley 40 1 2 2
Penalty Kill 4 Players Defense
Defense Defense Time % Phy DF OF
1 Philip Samuelsson Ole-Kristian Tollefsen 60 1 2 2
2 Ryan O'Byrne Jiri Fischer 40 1 2 2
Penalty Kill - 3 Players Forward
Forward Time % Phy DF OF
1 Carson Mcmillan 60 1 2 2
2 Michael Haley 40 1 2 2
Penalty Kill - 3 Players Defense
Defense Defense Time % Phy DF OF
1 Philip Samuelsson Ole-Kristian Tollefsen 60 1 2 2
2 Ryan O'Byrne Jiri Fischer 40 1 2 2
4 vs 4 Forward
Center Wing Time % Phy DF OF
1 Mike Richards Kris Versteeg 60 1 2 2
2 Connor Brown Marko Dano 40 1 2 2
4 vs 4 Defense
Defense Defense Time % Phy DF OF
1 Philip Samuelsson Ole-Kristian Tollefsen 60 1 2 2
2 Ryan O'Byrne Jiri Fischer 40 1 2 2
Last Minutes Offensive
Center Left Wing Right Wing Defense Defense
Mike Richards Marko Dano Kris Versteeg Philip Samuelsson Connor Brown
Last Minutes Defensive
Center Left Wing Right Wing Defense Defense
Frans Nielsen Michael Haley Carson Mcmillan Philip Samuelsson Ole-Kristian Tollefsen
Goaltenders
Starting : Robin Lehner
Backup : Josh Harding
Extra Forwards
Normal : Petr Pohl, Alex Picard, David Krejci - PP : Petr Pohl, Alex Picard - PK : David Krejci
Extra Defensemen
Normal : Lasse Kukkonen, Jakub Kindl, Ryan O'Byrne - PP : Lasse Kukkonen - PK : Jakub Kindl, Ryan O'Byrne
Penalty Shots
Kris Versteeg, Mike Richards, Marko Dano, Carson Mcmillan, Alex Picard
Scratches
Chuck Kobasew (Healthy), Matt Greene (Healthy)
% Time on Ice - Avalanche
Lines # - Real PCT - Wanted PCT - Time Play
Normal Forward
1 - 33% - 35% - 14:19
2 - 29% - 30% - 12:46
3 - 25% - 25% - 10:45
4 - 13% - 10% - 5:48
Normal Defense
1 - 40% - 40% - 17:17
2 - 35% - 35% - 15:10
3 - 26% - 25% - 11:11
4 - 0% - 0% - 0:00
PP Forward
1 - 53% - 60% - 4:10
2 - 47% - 40% - 3:46
PP Defense
1 - 55% - 60% - 4:22
2 - 45% - 40% - 3:34
PK Forward
1 - 65% - 60% - 5:31
2 - 35% - 40% - 2:55
PK Defense
1 - 50% - 60% - 4:11
2 - 50% - 40% - 4:15
PK3 Forward
1 - 0% - 60%
2 - 0% - 40%
PK3 Defense
1 - 0% - 60%
2 - 0% - 40%
44 Forward
1 - 0% - 60%
2 - 0% - 40%
44 Defense
1 - 0% - 60%
2 - 0% - 40%
Last Minute Offensive - 0:00
Last Minute Defensive - 0:00
Total
Forward - 60:00
Defense - 60:00
|
% Time on Ice - Red Wings
Lines # - Real PCT - Wanted PCT - Time Play
Normal Forward
1 - 35% - 40% - 15:24
2 - 29% - 30% - 12:51
3 - 21% - 20% - 9:07
4 - 14% - 10% - 6:16
Normal Defense
1 - 41% - 40% - 18:00
2 - 32% - 30% - 14:04
3 - 24% - 20% - 10:28
4 - 3% - 10% - 1:06
PP Forward
1 - 55% - 60% - 4:38
2 - 45% - 40% - 3:48
PP Defense
1 - 55% - 60% - 4:39
2 - 45% - 40% - 3:47
PK Forward
1 - 73% - 60% - 5:48
2 - 27% - 40% - 2:08
PK Defense
1 - 52% - 60% - 4:06
2 - 48% - 40% - 3:50
PK3 Forward
1 - 0% - 60%
2 - 0% - 40%
PK3 Defense
1 - 0% - 60%
2 - 0% - 40%
44 Forward
1 - 0% - 60%
2 - 0% - 40%
44 Defense
1 - 0% - 60%
2 - 0% - 40%
Last Minute Offensive - 0:00
Last Minute Defensive - 0:00
Total
Forward - 60:00
Defense - 60:00
|
Play-by-Play
1st period
0:01 of 1st period - Bryan Little wins face-off versus Marko Dano in neutral zone.
0:34 of 1st period - Slapshot by Carson Mcmillan.
0:34 of 1st period - Stopped by Cam Ward without a rebound.
0:35 of 1st period - Paul Stastny wins face-off versus Frans Nielsen in Avalanche zone.
0:37 of 1st period - Minor Penalty to Erik Karlsson for Tripping.
0:38 of 1st period - Charlie Coyle wins face-off versus Mike Richards in Avalanche zone.
2:37 of 1st period - Penalty to Erik Karlsson is over, Erik Karlsson is back on ice.
2:48 of 1st period - Jack Johnson is hit by Petr Pohl and loses puck.
3:01 of 1st period - Wrist shot by Petr Pohl.
3:01 of 1st period - Shot Misses the Net.
3:39 of 1st period - Snap shot by Bryan Little.
3:39 of 1st period - Shot Misses the Net.
4:04 of 1st period - Minor Penalty to Mattias Ekholm for Cross-checking.
4:05 of 1st period - Mike Richards wins face-off versus Charlie Coyle in Avalanche zone.
4:18 of 1st period - Snap shot by Connor Brown.
4:18 of 1st period - Shot Blocked by Colten Teubert.
4:34 of 1st period - Slapshot by Frans Nielsen.
4:34 of 1st period - Goal by Frans Nielsen - Avalanche : 0 - Red Wings : 1.
4:35 of 1st period - Charlie Coyle wins face-off versus Mike Richards in neutral zone.
4:38 of 1st period - Snap shot by Charlie Coyle.
4:38 of 1st period - Shot Misses the Net.
4:42 of 1st period - Wrist shot by Charlie Coyle.
4:42 of 1st period - Shot Misses the Net.
4:46 of 1st period - Slapshot by Charlie Coyle.
4:46 of 1st period - Stopped by Robin Lehner with a rebound.
5:02 of 1st period - Erik Karlsson is hit by Connor Brown.
6:39 of 1st period - Snap shot by Frans Nielsen.
6:39 of 1st period - Goal by Frans Nielsen - Avalanche : 0 - Red Wings : 2.
6:40 of 1st period - Charlie Coyle wins face-off versus Mike Richards in neutral zone.
6:51 of 1st period - Wrist shot by Erik Karlsson.
6:51 of 1st period - Shot Blocked by Ole-Kristian Tollefsen.
6:53 of 1st period - Snap shot by Andrew Ladd.
6:53 of 1st period - Shot Blocked by Ole-Kristian Tollefsen.
6:55 of 1st period - Backhand shot by Colten Teubert.
6:55 of 1st period - Deflect By Peter Prucha.
6:55 of 1st period - Stopped by Robin Lehner without a rebound.
6:56 of 1st period - Bryan Little wins face-off versus Frans Nielsen in Red Wings zone.
6:57 of 1st period - Slapshot by Mikkel Boedker.
6:57 of 1st period - Shot Blocked by Philip Samuelsson.
7:05 of 1st period - Snap shot by Connor Brown.
7:05 of 1st period - Stopped by Cam Ward with a rebound.
7:07 of 1st period - Snap shot by Connor Brown.
7:07 of 1st period - Shot Blocked by Erik Karlsson.
7:09 of 1st period - Wrist shot by Frans Nielsen.
7:09 of 1st period - Stopped by Cam Ward without a rebound.
7:10 of 1st period - Charlie Coyle wins face-off versus Kris Versteeg in Avalanche zone.
7:21 of 1st period - Snap shot by Peter Prucha.
7:21 of 1st period - Shot Misses the Net.
8:08 of 1st period - Wrist shot by James Van Riemsdyk.
8:08 of 1st period - Shot Misses the Net.
8:29 of 1st period - Snap shot by Kyle Turris.
8:29 of 1st period - Stopped by Robin Lehner with a rebound.
8:45 of 1st period - Snap shot by Bryan Little.
8:45 of 1st period - Stopped by Robin Lehner without a rebound.
8:46 of 1st period - Bryan Little wins face-off versus Frans Nielsen in Red Wings zone.
8:49 of 1st period - Wrist shot by Mikkel Boedker.
8:49 of 1st period - Stopped by Robin Lehner without a rebound.
8:50 of 1st period - Frans Nielsen wins face-off versus Patric Hornqvist in Red Wings zone.
8:55 of 1st period - Danny Richmond is hit by Jakub Kindl and loses puck.
9:20 of 1st period - Snap shot by Bryan Little.
9:20 of 1st period - Stopped by Robin Lehner with a rebound.
9:22 of 1st period - Wrist shot by Patric Hornqvist.
9:22 of 1st period - Shot Blocked by Kellan Lain.
9:24 of 1st period - Snap shot by Bryan Little.
9:24 of 1st period - Shot Misses the Net.
9:50 of 1st period - Snap shot by Bryan Little.
9:50 of 1st period - Stopped by Robin Lehner without a rebound.
9:51 of 1st period - Mike Richards wins face-off versus Paul Stastny in Red Wings zone.
10:27 of 1st period - Wrist shot by Carson Mcmillan.
10:27 of 1st period - Stopped by Cam Ward without a rebound.
10:28 of 1st period - Mike Richards wins face-off versus Luke Witkowski in Avalanche zone.
11:03 of 1st period - Wrist shot by Andrew Ladd.
11:03 of 1st period - Shot Misses the Net.
11:25 of 1st period - Slapshot by Alex Picard.
11:25 of 1st period - Stopped by Cam Ward with a rebound.
11:27 of 1st period - Slapshot by Lasse Kukkonen.
11:27 of 1st period - Stopped by Cam Ward without a rebound.
11:28 of 1st period - Mike Richards wins face-off versus James Van Riemsdyk in Avalanche zone.
11:29 of 1st period - Slapshot by Kris Versteeg.
11:29 of 1st period - Shot Misses the Net.
12:06 of 1st period - Wrist shot by Frans Nielsen.
12:06 of 1st period - Stopped by Cam Ward with a rebound.
12:12 of 1st period - Minor Penalty to Andrew Ladd for Holding Stick.
12:13 of 1st period - Charlie Coyle wins face-off versus Mike Richards in Avalanche zone.
12:26 of 1st period - Snap shot by Connor Brown.
12:26 of 1st period - Stopped by Cam Ward with a rebound.
12:46 of 1st period - Marko Dano is hit by Marc Staal and loses puck.
13:15 of 1st period - Wrist shot by Kyle Turris.
13:15 of 1st period - Shot Blocked by Kris Versteeg.
14:12 of 1st period - Penalty to Andrew Ladd is over, Andrew Ladd is back on ice.
14:17 of 1st period - Petr Pohl is hit by Mikkel Boedker and loses puck.
15:13 of 1st period - Slapshot by Luke Witkowski.
15:13 of 1st period - Stopped by Robin Lehner with a rebound.
16:41 of 1st period - Slapshot by Jack Johnson.
16:41 of 1st period - Shot Blocked by Jakub Kindl.
16:59 of 1st period - Minor Penalty to Colten Teubert for Hooking.
17:00 of 1st period - Mike Richards wins face-off versus Charlie Coyle in Avalanche zone.
17:48 of 1st period - Snap shot by Mike Richards.
17:48 of 1st period - Shot Misses the Net.
18:14 of 1st period - Mattias Ekholm is hit by Philip Samuelsson and loses puck.
18:59 of 1st period - Penalty to Colten Teubert is over, Colten Teubert is back on ice.
19:37 of 1st period - Snap shot by Bryan Little.
19:37 of 1st period - Shot Misses the Net.
19:59 of 1st period - Mike Richards is hit by Kyle Turris and loses puck.
Goals for this period are 0 for Avalanche vs 2 for Red Wings.
Shots for this period are 8 for Avalanche vs 10 for Red Wings.
2nd period
0:01 of 2nd period - Paul Stastny wins face-off versus Mike Richards in neutral zone.
0:37 of 2nd period - Snap shot by Patric Hornqvist.
0:37 of 2nd period - Stopped by Robin Lehner with a rebound.
0:51 of 2nd period - Alex Picard is hit by Peter Prucha and loses puck.
1:00 of 2nd period - Snap shot by Charlie Coyle.
1:00 of 2nd period - Stopped by Robin Lehner without a rebound.
1:01 of 2nd period - Paul Stastny wins face-off versus Mike Richards in Red Wings zone.
2:04 of 2nd period - Andrew Ladd is hit by David Krejci and loses puck.
2:19 of 2nd period - Wrist shot by Luke Witkowski.
2:19 of 2nd period - Shot Misses the Net.
2:21 of 2nd period - Wrist shot by Kyle Turris.
2:21 of 2nd period - Shot Blocked by Darroll Powe.
2:23 of 2nd period - Wrist shot by Luke Witkowski.
2:23 of 2nd period - Shot Blocked by Philip Samuelsson.
2:25 of 2nd period - Snap shot by Luke Witkowski.
2:25 of 2nd period - Goal by Luke Witkowski - Avalanche : 1 - Red Wings : 2.
2:26 of 2nd period - Mike Richards wins face-off versus Bryan Little in neutral zone.
2:35 of 2nd period - Slapshot by Ole-Kristian Tollefsen.
2:35 of 2nd period - Deflect By Bryan Little.
2:35 of 2nd period - Stopped by Cam Ward without a rebound.
2:36 of 2nd period - Bryan Little wins face-off versus Marko Dano in Avalanche zone.
2:54 of 2nd period - Snap shot by Bryan Little.
2:54 of 2nd period - Deflect By Mikkel Boedker.
2:54 of 2nd period - Stopped by Robin Lehner without a rebound.
2:55 of 2nd period - Paul Stastny wins face-off versus Frans Nielsen in Red Wings zone.
3:07 of 2nd period - Minor Penalty to Ole-Kristian Tollefsen for Diving.
3:08 of 2nd period - Patric Hornqvist wins face-off versus Darroll Powe in Red Wings zone.
3:25 of 2nd period - Wrist shot by Mikkel Boedker.
3:25 of 2nd period - Stopped by Robin Lehner with a rebound.
5:07 of 2nd period - Penalty to Ole-Kristian Tollefsen is over, Ole-Kristian Tollefsen is back on ice.
6:19 of 2nd period - Mike Richards is hit by Marc Staal and loses puck.
6:38 of 2nd period - Snap shot by David Krejci.
6:38 of 2nd period - Shot Misses the Net.
6:48 of 2nd period - Philip Samuelsson is hit by Erik Karlsson.
6:54 of 2nd period - Wrist shot by David Krejci.
6:54 of 2nd period - Stopped by Cam Ward with a rebound.
7:01 of 2nd period - Off-side.
7:02 of 2nd period - Marko Dano wins face-off versus Paul Stastny in neutral zone.
7:04 of 2nd period - Off-side.
7:05 of 2nd period - Paul Stastny wins face-off versus Mike Richards in neutral zone.
7:08 of 2nd period - Jakub Kindl is hit by Jack Johnson and loses puck.
7:19 of 2nd period - Snap shot by Mike Richards.
7:19 of 2nd period - Shot Blocked by Jack Johnson.
7:32 of 2nd period - Off-side.
7:33 of 2nd period - Peter Prucha wins face-off versus Frans Nielsen in neutral zone.
7:43 of 2nd period - Jiri Fischer is hit by Andrew Ladd and loses puck.
7:46 of 2nd period - Wrist shot by Frans Nielsen.
7:46 of 2nd period - Shot Misses the Net.
7:48 of 2nd period - Slapshot by Ryan O'Byrne.
7:48 of 2nd period - Stopped by Cam Ward without a rebound.
7:49 of 2nd period - Bryan Little wins face-off versus Mike Richards in Avalanche zone.
8:04 of 2nd period - Ole-Kristian Tollefsen is hit by Bryan Little and loses puck.
8:27 of 2nd period - Snap shot by Frans Nielsen.
8:27 of 2nd period - Shot Misses the Net.
9:23 of 2nd period - Wrist shot by Luke Witkowski.
9:23 of 2nd period - Stopped by Robin Lehner with a rebound.
9:29 of 2nd period - Wrist shot by Kyle Turris.
9:29 of 2nd period - Shot Blocked by Marko Dano.
9:31 of 2nd period - Slapshot by Kyle Turris.
9:31 of 2nd period - Stopped by Robin Lehner without a rebound.
9:32 of 2nd period - Paul Stastny wins face-off versus Frans Nielsen in Red Wings zone.
9:40 of 2nd period - Backhand shot by Evgeny Dadonov.
9:40 of 2nd period - Stopped by Robin Lehner without a rebound.
9:41 of 2nd period - Connor Brown wins face-off versus Paul Stastny in Red Wings zone.
9:54 of 2nd period - Snap shot by Paul Stastny.
9:54 of 2nd period - Shot Blocked by Jakub Kindl.
9:56 of 2nd period - Wrist shot by Paul Stastny.
9:56 of 2nd period - Goal by Paul Stastny - Avalanche : 2 - Red Wings : 2.
9:57 of 2nd period - Bryan Little wins face-off versus Mike Richards in neutral zone.
10:24 of 2nd period - Paul Stastny is hit by Philip Samuelsson and loses puck.
11:57 of 2nd period - Snap shot by Evgeny Dadonov.
11:57 of 2nd period - Shot Misses the Net.
12:03 of 2nd period - Wrist shot by Paul Stastny.
12:03 of 2nd period - Shot Blocked by Jiri Fischer.
12:05 of 2nd period - Snap shot by Paul Stastny.
12:05 of 2nd period - Shot Misses the Net.
12:15 of 2nd period - Connor Brown is hit by Peter Prucha and loses puck.
12:24 of 2nd period - Wrist shot by Charlie Coyle.
12:24 of 2nd period - Deflect By Peter Prucha.
12:24 of 2nd period - Stopped by Robin Lehner with a rebound.
12:26 of 2nd period - Slapshot by Marc Staal.
12:26 of 2nd period - Stopped by Robin Lehner without a rebound.
12:27 of 2nd period - Mike Richards wins face-off versus Bryan Little in Red Wings zone.
13:06 of 2nd period - Wrist shot by Mikkel Boedker.
13:06 of 2nd period - Stopped by Robin Lehner with a rebound.
13:24 of 2nd period - Snap shot by Bryan Little.
13:24 of 2nd period - Shot Misses the Net.
13:36 of 2nd period - Slapshot by Patric Hornqvist.
13:36 of 2nd period - Stopped by Robin Lehner without a rebound.
13:37 of 2nd period - Mike Richards wins face-off versus Paul Stastny in Red Wings zone.
14:04 of 2nd period - Andrew Ladd is hit by Ryan O'Byrne and loses puck.
14:55 of 2nd period - Wrist shot by James Van Riemsdyk.
14:55 of 2nd period - Goal by James Van Riemsdyk - Avalanche : 3 - Red Wings : 2.
14:56 of 2nd period - Mike Richards wins face-off versus Paul Stastny in neutral zone.
15:49 of 2nd period - Snap shot by Andrew Ladd.
15:49 of 2nd period - Shot Misses the Net.
16:07 of 2nd period - Snap shot by Kyle Turris.
16:07 of 2nd period - Stopped by Robin Lehner with a rebound.
16:09 of 2nd period - Wrist shot by Kyle Turris.
16:09 of 2nd period - Deflect By Petr Pohl.
16:09 of 2nd period - Stopped by Robin Lehner without a rebound.
16:10 of 2nd period - Mike Richards wins face-off versus Paul Stastny in Red Wings zone.
16:15 of 2nd period - Snap shot by Evgeny Dadonov.
16:15 of 2nd period - Shot Blocked by Marko Dano.
16:22 of 2nd period - Off-side.
16:23 of 2nd period - Mike Richards wins face-off versus Bryan Little in neutral zone.
16:36 of 2nd period - Mikkel Boedker is hit by Ole-Kristian Tollefsen and loses puck.
16:49 of 2nd period - Philip Samuelsson is hit by James Van Riemsdyk and loses puck.
17:20 of 2nd period - Slapshot by Jiri Fischer.
17:20 of 2nd period - Shot Blocked by Colten Teubert.
17:44 of 2nd period - Slapshot by Alex Picard.
17:44 of 2nd period - Stopped by Cam Ward with a rebound.
17:54 of 2nd period - Snap shot by Evgeny Dadonov.
17:54 of 2nd period - Shot Blocked by Ryan O'Byrne.
18:20 of 2nd period - Slapshot by Mikkel Boedker.
18:20 of 2nd period - Shot Misses the Net.
18:22 of 2nd period - Snap shot by Patric Hornqvist.
18:22 of 2nd period - Goal by Patric Hornqvist - Avalanche : 4 - Red Wings : 2.
18:23 of 2nd period - Bryan Little wins face-off versus Mike Richards in neutral zone.
18:51 of 2nd period - Minor Penalty to Andrew Ladd for Hooking.
18:52 of 2nd period - Mike Richards wins face-off versus Charlie Coyle in Avalanche zone.
18:58 of 2nd period - Slapshot by Connor Brown.
18:58 of 2nd period - Shot Misses the Net.
19:20 of 2nd period - Wrist shot by Marko Dano.
19:20 of 2nd period - Deflect By Frans Nielsen.
19:20 of 2nd period - Stopped by Cam Ward with a rebound.
Goals for this period are 4 for Avalanche vs 0 for Red Wings.
Shots for this period are 17 for Avalanche vs 5 for Red Wings.
3rd period
0:01 of 3rd period - Mike Richards wins face-off versus Charlie Coyle in neutral zone.
0:51 of 3rd period - Penalty to Andrew Ladd is over, Andrew Ladd is back on ice.
1:30 of 3rd period - Wrist shot by James Van Riemsdyk.
1:30 of 3rd period - Shot Blocked by Jiri Fischer.
1:42 of 3rd period - Slapshot by Kellan Lain.
1:42 of 3rd period - Deflect By Frans Nielsen.
1:42 of 3rd period - Shot Misses the Net.
1:42 of 3rd period - Puck is out of play.
1:43 of 3rd period - Charlie Coyle wins face-off versus Frans Nielsen in Avalanche zone.
2:00 of 3rd period - Wrist shot by Frans Nielsen.
2:00 of 3rd period - Stopped by Cam Ward without a rebound.
2:01 of 3rd period - Bryan Little wins face-off versus Mike Richards in Avalanche zone.
2:08 of 3rd period - Snap shot by Mikkel Boedker.
2:08 of 3rd period - Shot Blocked by Philip Samuelsson.
2:36 of 3rd period - Snap shot by James Van Riemsdyk.
2:36 of 3rd period - Stopped by Robin Lehner with a rebound.
3:13 of 3rd period - Wrist shot by Tomas Tatar.
3:13 of 3rd period - Shot Blocked by Ryan O'Byrne.
3:56 of 3rd period - Icing by Paul Stastny.
3:57 of 3rd period - Frans Nielsen wins face-off versus Paul Stastny in Avalanche zone.
4:12 of 3rd period - Kellan Lain is hit by James Van Riemsdyk.
4:18 of 3rd period - Wrist shot by Paul Stastny.
4:18 of 3rd period - Stopped by Robin Lehner with a rebound.
4:20 of 3rd period - Snap shot by Erik Karlsson.
4:20 of 3rd period - Shot Blocked by Kellan Lain.
4:54 of 3rd period - Snap shot by Paul Stastny.
4:54 of 3rd period - Shot Blocked by Frans Nielsen.
4:56 of 3rd period - Slapshot by Evgeny Dadonov.
4:56 of 3rd period - Shot Blocked by Kellan Lain.
4:58 of 3rd period - Wrist shot by Colten Teubert.
4:58 of 3rd period - Deflect By Paul Stastny.
4:58 of 3rd period - Shot Misses the Net.
4:58 of 3rd period - Puck is out of play.
4:59 of 3rd period - Mike Richards wins face-off versus Bryan Little in Red Wings zone.
5:10 of 3rd period - Kris Versteeg is hit by Jack Johnson and loses puck.
5:16 of 3rd period - Off-side.
5:17 of 3rd period - David Krejci wins face-off versus Andrew Ladd in neutral zone.
5:20 of 3rd period - Wrist shot by Carson Mcmillan.
5:20 of 3rd period - Stopped by Cam Ward with a rebound.
6:12 of 3rd period - Wrist shot by Kyle Turris.
6:12 of 3rd period - Stopped by Robin Lehner without a rebound.
6:13 of 3rd period - Charlie Coyle wins face-off versus Frans Nielsen in Red Wings zone.
6:48 of 3rd period - Slapshot by Lasse Kukkonen.
6:48 of 3rd period - Shot Misses the Net.
7:12 of 3rd period - Snap shot by Paul Stastny.
7:12 of 3rd period - Stopped by Robin Lehner with a rebound.
7:22 of 3rd period - Wrist shot by Kyle Turris.
7:22 of 3rd period - Shot Blocked by Lasse Kukkonen.
7:34 of 3rd period - Wrist shot by Alex Picard.
7:34 of 3rd period - Stopped by Cam Ward without a rebound.
7:35 of 3rd period - Mike Richards wins face-off versus Bryan Little in Avalanche zone.
7:36 of 3rd period - Slapshot by Kris Versteeg.
7:36 of 3rd period - Shot Misses the Net.
8:38 of 3rd period - Snap shot by James Van Riemsdyk.
8:38 of 3rd period - Stopped by Robin Lehner without a rebound.
8:39 of 3rd period - Bryan Little wins face-off versus Marko Dano in Red Wings zone.
8:43 of 3rd period - Minor Penalty to Jakub Kindl for Roughing.
8:44 of 3rd period - Darroll Powe wins face-off versus Bryan Little in Red Wings zone.
10:37 of 3rd period - Icing by Paul Stastny.
10:38 of 3rd period - David Krejci wins face-off versus Paul Stastny in Avalanche zone.
10:43 of 3rd period - Penalty to Jakub Kindl is over, Jakub Kindl is back on ice.
10:55 of 3rd period - Snap shot by Marko Dano.
10:55 of 3rd period - Stopped by Cam Ward with a rebound.
11:23 of 3rd period - Mattias Ekholm is hit by Kellan Lain and loses puck.
11:36 of 3rd period - Luke Witkowski is hit by David Krejci and loses puck.
12:18 of 3rd period - Off-side.
12:19 of 3rd period - Paul Stastny wins face-off versus Mike Richards in neutral zone.
12:27 of 3rd period - Minor Penalty to Kris Versteeg for High sticking.
12:28 of 3rd period - Bryan Little wins face-off versus Darroll Powe in Red Wings zone.
13:20 of 3rd period - Ryan O'Byrne is hit by Mikkel Boedker and loses puck.
13:43 of 3rd period - James Van Riemsdyk is hit by Carson Mcmillan and loses puck.
13:59 of 3rd period - Bryan Little is hit by Philip Samuelsson and loses puck.
14:27 of 3rd period - Penalty to Kris Versteeg is over, Kris Versteeg is back on ice.
14:36 of 3rd period - Wrist shot by Andrew Ladd.
14:36 of 3rd period - Stopped by Robin Lehner with a rebound.
14:38 of 3rd period - Wrist shot by Erik Karlsson.
14:38 of 3rd period - Shot Misses the Net.
15:55 of 3rd period - Wrist shot by Bryan Little.
15:55 of 3rd period - Stopped by Robin Lehner without a rebound.
15:56 of 3rd period - Kyle Turris wins face-off versus Frans Nielsen in Red Wings zone.
16:21 of 3rd period - Snap shot by Alex Picard.
16:21 of 3rd period - Stopped by Cam Ward with a rebound.
16:23 of 3rd period - Slapshot by Jakub Kindl.
16:23 of 3rd period - Stopped by Cam Ward without a rebound.
16:24 of 3rd period - Mike Richards wins face-off versus Charlie Coyle in Avalanche zone.
16:29 of 3rd period - Snap shot by Mike Richards.
16:29 of 3rd period - Shot Misses the Net.
16:31 of 3rd period - Snap shot by Marko Dano.
16:31 of 3rd period - Shot Misses the Net.
16:41 of 3rd period - Snap shot by Charlie Coyle.
16:41 of 3rd period - Shot Misses the Net.
17:33 of 3rd period - Minor Penalty to Kris Versteeg for Interference.
17:34 of 3rd period - Darroll Powe wins face-off versus Bryan Little in Red Wings zone.
17:42 of 3rd period - Darroll Powe is hit by Patric Hornqvist and loses puck.
18:05 of 3rd period - Carson Mcmillan is hit by James Van Riemsdyk and loses puck.
18:10 of 3rd period - Slapshot by James Van Riemsdyk.
18:10 of 3rd period - Shot Misses the Net.
18:12 of 3rd period - Slapshot by Jack Johnson.
18:12 of 3rd period - Stopped by Robin Lehner without a rebound.
18:13 of 3rd period - Darroll Powe wins face-off versus Bryan Little in Red Wings zone.
18:54 of 3rd period - Ryan O'Byrne is hit by Mikkel Boedker and loses puck.
19:33 of 3rd period - Penalty to Kris Versteeg is over, Kris Versteeg is back on ice.
Goals for this period are 0 for Avalanche vs 0 for Red Wings.
Shots for this period are 8 for Avalanche vs 6 for Red Wings.